 Seeded DCSS version 0.29.1-12-g30fa7ad0bf (webtiles) character file.

Game seed: 16245865983455551772 (custom seed)

10460 hikkokomori the Destroyer (level 11, 0/77 HPs)
             Began as an Octopode Conjurer on Jan 17, 2023.
             Was an Initiate of Gozag.
             Slain by a polar bear (3 damage)
             ... in an ice cave.
             The game lasted 00:28:42 (10819 turns).

hikkokomori the Destroyer (Octopode Conjurer)      Turns: 10819, Time: 00:28:45

Health: 0/77       AC:  3    Str: 21    XL:     11   Next: 62%
Magic:  2/20       EV: 17    Int: 42    God:    Gozag
Gold:   573        SH:  0    Dex: 15    Spells: 2/22 levels left

rFire   . . .      SeeInvis .     - Unarmed
rCold   + + .      Faith    .   (no shield)
rNeg    . . .      Spirit   .   E - +2 hat
rPois   +          Reflect  .   v - amulet of regeneration
rElec   +          Harm     .   b - +4 ring of evasion
rCorr   .          Rampage  .   d - ring of Ihucluef {Ice rPois Str+5 Stlth+}
Will    +....                   h - +6 ring of intelligence
Stlth   +++++.....              g - +6 ring of intelligence
HPRegen 1.02/turn               w - ring "Axkal" {rF+ Str+3}
MPRegen 0.17/turn               J - ring "Vokug" {rElec rF+ Will+ Str+6 Dex+4}
                                H - +6 ring of intelligence
                                t - ring of ice

@: no status effects
A: almost no armour, amphibious, 8 rings, camouflage 1, gelatinous body 1,
(nimble swimmer 1), tentacles
a: Renounce Religion, Potion Petition, Call Merchant, Bribe Branch


You were in an ice cave.
You worshipped Gozag.
Gozag was pleased with you.
You visited 3 branches of the dungeon, and saw 10 of its levels.
You also visited: Ice Cave.

You collected 1569 gold pieces.
You spent 923 gold pieces at shops.
You paid 73 gold pieces to Gozag.

Inventory:

Armour
 C - a +1 buckler
 E - a +2 hat (worn)
Magical Staves
 F - a staff of poison
Jewellery
 b - a +4 ring of evasion (left tentacle)
 d - the ring of Ihucluef (right tentacle) {Ice rPois Str+5 Stlth+}
   (You acquired it on level 1 of the Dungeon)

   [ring of ice]

   It enhances your ice magic.
   Str:       It affects your strength (+5).
   rF:        It makes you vulnerable to fire.
   rC:        It protects you from cold.
   rPois:     It protects you from poison.
   Stlth:     It makes you more stealthy.
 g - a +6 ring of intelligence (on tentacle)
 h - a +6 ring of intelligence (on tentacle)
 t - a ring of ice (on tentacle)
 v - an amulet of regeneration (around mantle)
 w - the ring "Axkal" (on tentacle) {rF+ Str+3}
   (You acquired it on level 7 of the Dungeon)

   [ring of protection from fire]

   Str:       It affects your strength (+3).
   rF:        It protects you from fire.
 H - a +6 ring of intelligence (on tentacle)
 J - the ring "Vokug" (on tentacle) {rElec rF+ Will+ Str+6 Dex+4}
   (You bought it in a shop on level 7 of the Dungeon)

   [ring of strength]

   Str:       It affects your strength (+6).
   Dex:       It affects your dexterity (+4).
   rF:        It protects you from fire.
   rElec:     It insulates you from electricity.
   Will:      It increases your willpower.
Wands
 m - a wand of roots (26)
 y - a wand of flame (102)
 B - a wand of charming (7)
Scrolls
 f - 6 scrolls of teleportation
 j - 2 scrolls of enchant weapon
 l - a scroll of summoning
 r - a scroll of silence
 s - a scroll of immolation
 z - a scroll of amnesia
 D - a scroll of poison
Potions
 a - a potion of magic
 c - 2 potions of flight {unknown}
 e - a potion of might {unknown}
 i - 2 potions of lignification
 o - 5 potions of brilliance
 p - a potion of berserk rage {unknown}
 x - 3 potions of curing
 A - 2 potions of attraction {unknown}
 G - 2 potions of degeneration
Miscellaneous
 k - a piece from Xom's chessboard (15/15)


   Skills:
 + Level 8.1 Fighting
 - Level 2.0 Dodging
 + Level 6.6 Stealth
 - Level 7.0 Unarmed Combat
 + Level 6.1 Spellcasting
 - Level 9.4 Conjurations
 - Level 3.0 Hexes
 + Level 5.7 Transmutations
 + Level 5.6 Air Magic


You had 2 spell levels left.
You knew the following spells:

 Your Spells              Type           Power      Damage    Failure   Level
a - Magic Dart            Conj           100%       1d8       1%          1
b - Searing Ray           Conj           100%       2d8       1%          2
c - Fulminant Prism       Conj/Hex       30%        3d16      1%          4
d - Storm Form            Tmut/Air       28%        N/A       88%         7
e - Summon Lightning Spi  Summ/Air       36%        N/A       7%          4
f - Blink                 Tloc           24%        N/A       3%          2

Your spell library contained the following spells:

 Spells                   Type           Power      Damage    Failure   Level
 Sting                    Tmut/Pois      100%       1d8       1%          1
 Poisonous Vapours        Pois/Air       72%        N/A       1%          2
 Wereblood                Tmut           57%        N/A       1%          2
 Call Imp                 Summ           12%        N/A       3%          2
 Confusing Touch          Hex            38%        N/A       1%          3
 Dazzling Flash           Conj/Hex       100%       N/A       1%          3
 Spider Form              Tmut/Pois      37%        N/A       2%          3
 Iskenderun's Mystic Bla  Conj/Tloc      51%        2d11      3%          4
 Call Canine Familiar     Summ           12%        N/A       7%          3
 Lesser Beckoning         Tloc           12%        N/A       7%          3
 Ice Form                 Ice/Tmut       70%        N/A       7%          4
 Yara's Violent Unravell  Hex/Tmut       24%        3d11      11%         5
 Olgreb's Toxic Radiance  Pois           12%        N/A       22%         4
 Summon Mana Viper        Hex/Summ       25%        N/A       34%         5
 Manifold Assault         Tloc           12%        N/A       54%         5
 Enfeeble                 Hex            19%        N/A       99%         7
 Chain Lightning          Conj/Air       33%        3d44      100%        9
 Fire Storm               Conj/Fire      25%        8d7       100%        9
 Shatter                  Erth           6%         3d9*      100%        9


Dungeon Overview and Level Annotations

Branches:
Dungeon (8/15)             Temple (1/1) D:5            Lair (1/5) D:8
  IceCv (1/1)

Altars:
Cheibriados
Dithmenos
Fedhas
Gozag
Hepliaklqana
Makhleb
Nemelex Xobeh
Qazlal
Sif Muna
Trog
Uskayaw
Vehumet
Yredelemnul
Zin
The Shining One

Shops:
D:3 [   D:4 *:[   D:7 =


Innate Abilities, Weirdness & Mutations

You cannot wear most types of armour.
You are amphibious.
You can wear up to eight rings at the same time.
Your skin changes colour to match your surroundings (Stealth+).
Your rubbery body absorbs attacks. (AC +1, EV +1)
((You are camouflaged when in or above water. (Stealth+)))
You have tentacles for arms and can constrict up to eight enemies at once.


Message History

You hear an angry growl.
You hear a bellow!
You barely miss the polar bear.
The polar bear is heavily wounded.
The polar bear bites you! The polar bear claws you.
The polar bear closely misses you.
Unknown command.
Casting: Magic Dart (safe; 1% risk of failure)
Confirm with . or Enter, or press ? or * to list all spells.
Aiming: Magic Dart (safe; 1% risk of failure)
Press: ? - help, Shift-Dir - straight line, f/p - polar bear
Aim: a polar bear (heavily wounded, 100% to hit)
Okay, then.
Casting: Magic Dart (safe; 1% risk of failure)
Confirm with . or Enter, or press ? or * to list all spells.
Aiming: Searing Ray (safe; 1% risk of failure)
Press: ? - help, Shift-Dir - straight line, f/p - polar bear
Aim: a polar bear (heavily wounded, 87% to hit)
The searing ray hits the polar bear.
The polar bear is heavily wounded. (Press . to maintain the ray.)
The polar bear bites you but does no damage.
The polar bear claws you but does no damage. x2
The searing ray hits the polar bear but does no damage.
The polar bear is heavily wounded.
The polar bear bites you!!
* * * LOW HITPOINT WARNING * * *
The polar bear closely misses you. The polar bear barely misses you.
Unknown command.
The searing ray hits the polar bear but does no damage.
The polar bear is heavily wounded.
The polar bear closely misses you. The polar bear barely misses you.
The polar bear claws you but does no damage.
The searing ray hits the polar bear.
The polar bear is severely wounded.
You finish channelling your searing ray.
The polar bear bites you!
* * * LOW HITPOINT WARNING * * *
The polar bear claws you.
You die...
Your body crumbles into a pile of gold.

###### ###§#○.#
####.§§°§.### $
#.#.○☼§☼§°°○##
#@$##☼.○§§☼☼§###
#...h#######☼.○..°.###
#...#.. .##
####.☼☼.... .. ##.
...# ##.#○##. ##
....## ####### #$..Y#
# #..h$## $ #h$.##
#########h.#


You could see a polar bear.

Vanquished Creatures
  Amaemon (D:8)
  An ugly thing (IceCv)
  Maurice (D:8)
  An orange demon (D:8)
  A rime drake (IceCv)
  Psyche (D:8)
  2 ice devils (Lair:1)
  2 polar bears (IceCv)
  A hornet (D:8)
  Sigmund (D:5)
  9 yaks
  A steam dragon (D:7)
  A water moccasin (D:6)
  2 ice beasts
  3 orc warriors
  3 black bears
  An ogre (D:4)
  8 wolves (IceCv)
  A phantom (D:6)
  2 centaurs
  4 kobold brigands
  5 bullfrogs
  2 necrophages
  6 scorpions
  4 wights (D:7)
  4 killer bees (D:8)
  4 howler monkeys
  A gnoll bouda (D:7)
  3 orc priests
  4 hounds
  An iron imp (D:4)
  Jessica (D:2)
  3 iguanas
  5 orc wizards
  A hound skeleton (D:4)
  8 gnolls
  4 adders
  A white imp (D:5)
  A dart slug (D:5)
  17 orcs
  3 ball pythons
  3 bats
  7 endoplasms
  A giant cockroach (D:4)
  5 goblins
  6 hobgoblins
  25 kobolds
  4 quokkas
  3 frilled lizards
  6 rats
185 creatures vanquished.

Vanquished Creatures (collateral kills)
  Joseph (D:8)
  A komodo dragon (Lair:1)
  5 yaks
  3 wolves (IceCv)
  A nameless horror (D:8)
  A kobold (D:8)
12 creatures vanquished.

Vanquished Creatures (others)
  53 fulminant prisms
  29 fungi (D:8)
  37 plants
119 creatures vanquished.

Grand Total: 316 creatures vanquished

Notes
Turn   | Place    | Note
-------+----------+-------------------------------------------
     0 | D:1      | hikkokomori the Octopode Conjurer began the quest for the
                  | Orb.
     0 | D:1      | Reached XP level 1. HP: 11/11 MP: 3/3
   381 | D:1      | Identified 3 scrolls of acquirement
   381 | D:1      | Acquired a +4 ring of evasion
   382 | D:1      | Acquired the Writings on Gathered Shaping
   383 | D:1      | Acquired the ring of Ihucluef {Ice rPois Str+5 Stlth+}
   414 | D:1      | Found a faded altar of an unknown god.
   436 | D:1      | Reached XP level 2. HP: 17/17 MP: 1/5
  1244 | D:1      | Reached XP level 3. HP: 21/21 MP: 2/6
  1686 | D:2      | Noticed Jessica
  1696 | D:2      | Killed Jessica
  1697 | D:2      | Reached XP level 4. HP: 27/27 MP: 1/7
  2443 | D:3      | Found Ymmy Ciutu's Antique Armour Shoppe.
  2514 | D:4      | Learned a level 2 spell: Searing Ray
  2543 | D:3      | Reached skill level 5 in Conjurations
  2545 | D:3      | Reached skill level 5 in Stealth
  2623 | D:4      | Noticed an ogre
  2629 | D:4      | Killed an ogre
  2630 | D:4      | Reached skill level 1 in Unarmed Combat
  2630 | D:4      | Reached XP level 5. HP: 31/31 MP: 0/8
  2717 | D:4      | Found Gamycsypi's Antique Armour Boutique.
  2809 | D:4      | Found a shadowy altar of Dithmenos.
  2857 | D:4      | Found a burning altar of Makhleb.
  2878 | D:4      | Reached skill level 1 in Fighting
  2878 | D:4      | Reached XP level 6. HP: 30/38 MP: 1/9
  2969 | D:4      | Found Tuuwolaw's General Store.
  3021 | D:4      | Found a snail-covered altar of Cheibriados.
  3421 | D:4      | Found Koenoidu's Book Boutique.
  3666 | D:5      | Entered Level 5 of the Dungeon
  3668 | D:5      | Noticed Sigmund
  3678 | D:4      | Reached XP level 7. HP: 34/44 MP: 0/11
  3772 | D:5      | Killed Sigmund
  3773 | D:5      | Reached skill level 6 in Conjurations
  4390 | D:5      | Found a staircase to the Ecumenical Temple.
  4505 | D:5      | Reached XP level 8. HP: 52/52 MP: 7/13
  4569 | Temple   | Entered the Ecumenical Temple
  4592 | Temple   | Became a worshipper of Gozag Ym Sagoz the Greedy
  4849 | D:5      | Found a glowing silver altar of Zin.
  5376 | D:6      | Learned a level 4 spell: Fulminant Prism
  5924 | D:6      | Reached skill level 7 in Conjurations
  6849 | D:7      | Acquired the ring "Axkal" {rF+ Str+3}
  6873 | D:6      | Reached skill level 5 in Unarmed Combat
  6983 | D:7      | Reached XP level 9. HP: 32/59 MP: 11/16
  7013 | D:7      | Reached skill level 5 in Spellcasting
  7129 | D:7      | Reached skill level 5 in Fighting
  7213 | D:7      | Found Dackej's Jewellery Shoppe.
  7659 | D:7      | Learned a level 7 spell: Storm Form
  7789 | D:7      | Found a hazy altar of Hepliaklqana.
  8284 | D:8      | Noticed Amaemon
  8284 | D:8      | Noticed an orange demon
  8291 | D:8      | Killed an orange demon
  8292 | D:8      | Reached skill level 8 in Conjurations
  8292 | D:8      | Reached skill level 1 in Transmutations
  8292 | D:8      | Reached skill level 1 in Air Magic
  8293 | D:8      | Killed Amaemon
  8294 | D:8      | Reached XP level 10. HP: 18/68 MP: 0/18
  8534 | D:8      | Noticed Maurice
  8541 | D:8      | Killed Maurice
  9056 | D:8      | Learned a level 4 spell: Summon Lightning Spire
  9062 | D:8      | Noticed Joseph
  9100 | D:8      | Killed Joseph
  9228 | D:8      | Found a stormy altar of Qazlal.
  9299 | D:8      | Noticed Psyche
  9446 | D:8      | Killed Psyche
  9447 | D:8      | Reached skill level 1 in Hexes
  9667 | D:8      | Found a staircase to the Lair.
  9844 | D:7      | Bought the ring "Vokug" {rElec rF+ Will+ Str+6 Dex+4} for
                  | 923 gold pieces
  9862 | D:8      | Reached skill level 9 in Conjurations
  9939 | Lair:1   | Entered Level 1 of the Lair of Beasts
  9970 | Lair:1   | Reached XP level 11. HP: 75/75 MP: 2/19
 10190 | Lair:1   | Found a frozen archway.
 10203 | IceCv    | Entered an ice cave
 10366 | IceCv    | Learned a level 2 spell: Blink
 10374 | IceCv    | Reached skill level 5 in Transmutations
 10381 | IceCv    | Reached skill level 5 in Air Magic
 10438 | IceCv    | Noticed a white ugly thing
 10456 | IceCv    | Killed a white ugly thing
 10819 | IceCv    | HP: 3/77 [polar bear (13)]
 10819 | IceCv    | Slain by a polar bear

Illustrated notes

Levels and vault maps discovered:
D:1:      minmay_arrival_hallway, layout_loops_corners, basic_ecumenical_altar,
          minmay_unequal
D:2:      layout_loops_ring, uniq_jessica
D:3:      layout_basic, serial_shops, nicolae_shop_advertising_works
          [nicolae_subvault_shop_adworks], minmay_shallow_snake_nest,
          uniq_natasha
D:4:      layout_rooms, grunt_dithmenos_smoke_and_mirrors,
          makhleb_blood_cavern_becter, slow_altar_1, serial_shops,
          nicolae_square_shop, nicolae_shop_temple_entry_statues_fountains,
          kennysheep_mini_moat, chequers_serial_rivers_large_a,
          minmay_fractal_squares_gapless_5
D:5:      layout_layer_cave, mainiacjoe_overflow_cross_hatched,
          lemuel_temple_firewalk_b, uniq_sigmund
D:6:      layout_basic
D:7:      layout_basic, nicolae_hepliaklqana_hazy_memory, serial_shops,
          nicolae_stop_n_shop_2
D:8:      layout_basic, nicolae_qazlal_style_of_elements,
          grunt_lair_entry_orc_guard_hut, uniq_amaemon, uniq_psyche,
          uniq_joseph, uniq_maurice
Temple:   nicolae_temple_bog_church
Lair:1:   layout_loops_ring, portal_ice_cave_demonic_guard, grunt_megastairs_2
IceCv:    ice_cave_caverns_01

Skill      XL: |  1  2  3  4  5  6  7  8  9 10 11 |
---------------+----------------------------------+-----
Stealth        | 3 4 5 6 |  6.6
Conjurations   | 5 6 7 8 9 |  9.4
Unarmed Combat | 1 2 3 5 6 7 |  7.0
Fighting       | 1 3 4 6 7 8 |  8.1
Spellcasting   | 3 4 5 6 |  6.1
Transmutations | 2 4 5 |  5.7
Air Magic      | 2 4 5 |  5.6
Hexes          | 2 3 |  3.0
Dodging        | |  2.0

Action                   |  1- 3 |  4- 6 |  7- 9 | 10-12 || total
-------------------------+-------+-------+-------+-------++-------
Melee: Unarmed           |     7 |    14 |    40 |    92 ||   153
       Constrict         |     2 |     2 |     9 |    13 ||    26
       Tentacles         |       |     4 |    12 |    25 ||    41
       Punch             |       |       |       |     8 ||     8
 Cast: Magic Dart        |    43 |    47 |    79 |    27 ||   196
       Searing Ray       |       |    11 |    22 |     8 ||    41
       Fulminant Prism   |       |       |    19 |    34 ||    53
       Summon Lightning  |       |       |       |    15 ||    15
Evoke: Wand              |       |       |       |     7 ||     7
  Use: Scroll            |     3 |       |     1 |    17 ||    21
       Potion            |       |       |       |     2 ||     2
 Stab: Distracted        |       |       |       |     1 ||     1
Armor: Skin              |     1 |     2 |     1 |    19 ||    23
Dodge: Dodged            |     5 |    30 |    57 |    98 ||   190
